 Dungeon Crawl Stone Soup version 0.24.0-37-gcf1ca852f1 (webtiles) character file.

Game seed: 18380823350567100964, levelgen mode: deterministic

262 Iamsoldier the Charlatan (level 6, -2/47 HPs)
             Began as a Gnoll Artificer on Nov 25, 2019.
             Was a Follower of Okawaru.
             Slain by Sigmund
             ... wielding a +1 scythe of flaming
              (4 damage)
             ... on level 5 of the Dungeon.
             The game lasted 00:09:27 (3857 turns).

Iamsoldier the Charlatan (Gnoll Artificer)          Turns: 3857, Time: 00:09:29

Health: -2/47      AC:  5    Str: 18    XL:     6   Next: 18%
Magic:  11/11      EV: 12    Int: 14    God:    Okawaru [*.....]
Gold:   288        SH:  4    Dex: 15    Spells: 8/8 levels left

rFire    . . .     SeeInvis .   a - +1 short sword
rCold    . . .     Gourm    .   j - +0 buckler
rNeg     . . .     Faith    .   n - +0 ring mail
rPois    .         Spirit   .   (no helmet)
rElec    .         Reflect  .   (no cloak)
rCorr    .         Harm     .   (no gloves)
MR       .....                  (no boots)
Stlth    ++........             (no amulet)
HPRegen  0.15/turn              p - ring of stealth
MPRegen  0.12/turn              x - ring of wizardry

@: hasted, drained, very quick
A: distributed training, fangs 2, talons 1, strong 1, strong nose
a: Heroism, Renounce Religion


You were on level 5 of the Dungeon.
You worshipped Okawaru.
Okawaru was aware of your devotion.
You were not hungry.

You visited 1 branch of the dungeon, and saw 5 of its levels.

You collected 288 gold pieces.

Inventory:

Hand Weapons
 a - a +1 short sword (weapon)
Armour
 b - a +0 leather armour
 j - a +0 buckler (worn)
 n - a +0 ring mail (worn)
Jewellery
 p - a ring of stealth (left hand)
 q - an uncursed ring of positive energy
 x - a ring of wizardry (right hand)
Wands
 c - a wand of flame (14)
 d - a wand of enslavement (22)
 e - a wand of random effects (15)
 o - a wand of iceblast (10)
Scrolls
 h - 4 scrolls of teleportation {unknown}
 i - 3 scrolls of remove curse
 k - 2 scrolls of enchant weapon
 u - a scroll of identify
 v - a scroll of fear
Potions
 m - 2 potions of flight
Comestibles
 f - 14 rations


   Skills:
 + Level 3.1(2.3) Fighting
 + Level 3.1(2.3) Short Blades
 + Level 1.8(0.9) Long Blades
 + Level 1.8(0.9) Axes
 + Level 1.8(0.9) Maces & Flails
 + Level 1.8(0.9) Polearms
 + Level 1.8(0.9) Staves
 + Level 1.8(0.9) Slings
 + Level 1.8(0.9) Bows
 + Level 1.8(0.9) Crossbows
 + Level 1.8(0.9) Throwing
 + Level 1.8(0.9) Armour
 + Level 4.9(4.0) Dodging
 + Level 3.0(2.1) Stealth
 + Level 1.8(0.9) Shields
 + Level 1.8(0.9) Unarmed Combat
 + Level 1.8(0.9) Spellcasting
 + Level 1.4(0.6) Conjurations
 + Level 1.4(0.6) Hexes
 + Level 1.4(0.6) Charms
 + Level 1.4(0.6) Summonings
 + Level 1.4(0.6) Necromancy
 + Level 1.4(0.6) Translocations
 + Level 1.4(0.6) Transmutations
 + Level 1.4(0.6) Fire Magic
 + Level 1.4(0.6) Ice Magic
 + Level 1.4(0.6) Air Magic
 + Level 1.4(0.6) Earth Magic
 + Level 1.4(0.6) Poison Magic
 + Level 2.0(1.2) Invocations
 + Level 6.8(5.8) Evocations


You had 8 spell levels left.
You didn't know any spells.
Your spell library was empty.

Dungeon Overview and Level Annotations

Branches:
Dungeon (5/15)
 Temple: D:4-7

Altars:
Okawaru

Annotations:
D:5 Sigmund


Innate Abilities, Weirdness & Mutations

Your experience applies equally to all skills.
You have extremely sharp teeth.
Your uncanny sense of smell can sniff out nearby items.
You have sharp toenails.
Your muscles are strong. (Str +2)


Message History

The orc barely misses you. You block the worker ant's attack.
You block the leopard gecko zombie's attack.
Unknown command.
As you read the scroll labeled UFIPEBB WIVECW, it crumbles to dust.
It is a scroll of enchant weapon.
Your +0 short sword glows red for a moment.
Sigmund gestures wildly while chanting.
Sigmund flickers and vanishes!
Deactivating autopickup; reactivate with Ctrl-A.
The shadow imp gestures at you. Pain shoots through your body!
* * * LOW HITPOINT WARNING * * *
The worker ant closely misses you. The orc completely misses you.
As you read the scroll labeled FIESCHO RIMO, it crumbles to dust.
You feel blessed for a moment.
It was a scroll of remove curse.
The leopard gecko zombie closely misses you.
Something hits you!
* * * LOW HITPOINT WARNING * * *
Something burns you.
You die...

*,*,....,.....# #...#...
*,*,,.........# #...#...
*******,*,,,...#.##.####.......
**,,,,,,,*,,,,.........<........
**,,*,,,,,*****#.#.##............
*,,**+,,,.######.#.##..####.##.#.
,,**,**,,.......o5.......##.##.##
,**,∩,**,'#....5Z#{#.....##.##...
,,**,**,,......o@a§..............
*,,***,,,.....####o..............
**,,*,,,,....,* #..##.......,...
**,,,,**#*.,,***#..##.......,,,,
**,,,* *,,,,,,....,.....#.,,,,
*,,,* *,*,,,.#####+###.#****,
***,* *,****,,,,,,,,,,,* *, ***,*
*,****,,,,,,,,**** *, *,,,*
*,,,,,,,,,,,,,,,* *,


You could see a worker ant, an orc wizard, a crimson imp, a shadow imp, 2 orcs
and a leopard gecko zombie.

Vanquished Creatures
  3 worker ants
  3 gnolls (D:2)
  4 adders
  4 oozes
  4 worms
  9 dart slugs
  A leopard gecko (D:1)
  6 orcs
  2 giant cockroaches (D:1)
  2 goblins (D:2)
  9 hobgoblins
  8 jackals
  5 kobolds
  2 quokkas
  4 ball pythons
  3 bats
  5 frilled lizards
  A jackal skeleton (D:4)
  5 rats
80 creatures vanquished.

Notes
Turn   | Place    | Note
-------+----------+-------------------------------------------
     0 | D:1      | Iamsoldier the Gnoll Artificer began the quest for the Orb.
     0 | D:1      | Reached XP level 1. HP: 17/17 MP: 4/4
    61 | D:1      | Reached XP level 2. HP: 12/23 MP: 6/6
   738 | D:1      | Reached XP level 3. HP: 23/28 MP: 7/7
  1152 | D:2      | Reached skill level 1 in Invocations
  1200 | D:2      | Reached skill level 1 in Long Blades
  1200 | D:2      | Reached skill level 1 in Axes
  1200 | D:2      | Reached skill level 1 in Maces & Flails
  1200 | D:2      | Reached skill level 1 in Polearms
  1200 | D:2      | Reached skill level 1 in Staves
  1200 | D:2      | Reached skill level 1 in Slings
  1200 | D:2      | Reached skill level 1 in Bows
  1200 | D:2      | Reached skill level 1 in Crossbows
  1200 | D:2      | Reached skill level 1 in Throwing
  1200 | D:2      | Reached skill level 1 in Armour
  1200 | D:2      | Reached skill level 1 in Shields
  1200 | D:2      | Reached skill level 1 in Unarmed Combat
  1200 | D:2      | Reached skill level 1 in Spellcasting
  1489 | D:2      | Reached XP level 4. HP: 30/34 MP: 8/8
  1522 | D:2      | Gained mutation: You have extremely sharp teeth. [potion of
                  | mutation]
  1522 | D:2      | Gained mutation: Your muscles are strong. (Str +2) [potion
                  | of mutation]
  1522 | D:2      | Gained mutation: You have sharp toenails. [potion of
                  | mutation]
  1881 | D:2      | Reached skill level 1 in Conjurations
  1881 | D:2      | Reached skill level 1 in Hexes
  1881 | D:2      | Reached skill level 1 in Charms
  1881 | D:2      | Reached skill level 1 in Summonings
  1881 | D:2      | Reached skill level 1 in Necromancy
  1881 | D:2      | Reached skill level 1 in Translocations
  1881 | D:2      | Reached skill level 1 in Transmutations
  1881 | D:2      | Reached skill level 1 in Fire Magic
  1881 | D:2      | Reached skill level 1 in Ice Magic
  1881 | D:2      | Reached skill level 1 in Air Magic
  1881 | D:2      | Reached skill level 1 in Earth Magic
  1881 | D:2      | Reached skill level 1 in Poison Magic
  1933 | D:2      | Reached XP level 5. HP: 33/40 MP: 9/9
  2637 | D:3      | Found a faded altar of an unknown god.
  2701 | D:3      | Became a worshipper of Warmaster Okawaru
  2701 | D:3      | Reached * piety under Okawaru
  2935 | D:4      | Reached XP level 6. HP: 24/47 MP: 11/11
  3810 | D:5      | Entered Level 5 of the Dungeon
  3832 | D:5      | Noticed Sigmund
  3833 | D:5      | Noticed a sky beast
  3857 | D:5      | HP: 2/47 [something (8)]
  3857 | D:5      | Slain by Sigmund

Levels and vault maps discovered:
D:1:      wander_arrival_fairy_ring, layout_basic, lemuel_old_faithful
D:2:      layout_basic
D:3:      kennysheep_slugbush, layout_rooms, chequers_ecumenical_altar_island
D:4:      layout_basic, first_ration
D:5:      layout_basic, enter_ossuary_5, uniq_sigmund

Skill      XL: |  1  2  3  4  5  6 |
---------------+-------------------+-----
Invocations    | 1 2 |  2.0
Long Blades    | 1 |  1.8
Axes           | 1 |  1.8
Maces & Flails | 1 |  1.8
Polearms       | 1 |  1.8
Staves         | 1 |  1.8
Slings         | 1 |  1.8
Bows           | 1 |  1.8
Crossbows      | 1 |  1.8
Throwing       | 1 |  1.8
Armour         | 1 |  1.8
Shields        | 1 |  1.8
Unarmed Combat | 1 |  1.8
Spellcasting   | 1 |  1.8
Conjurations   | 1 |  1.4
Hexes          | 1 |  1.4
Charms         | 1 |  1.4
Summonings     | 1 |  1.4
Necromancy     | 1 |  1.4
Translocations | 1 |  1.4
Transmutations | 1 |  1.4
Fire Magic     | 1 |  1.4
Ice Magic      | 1 |  1.4
Air Magic      | 1 |  1.4
Earth Magic    | 1 |  1.4
Poison Magic   | 1 |  1.4
Fighting       | 3 |  3.1
Short Blades   | 3 |  3.1
Stealth        | 3 |  3.0
Dodging        | |  4.9
Evocations     | |  6.8

Action                   |  1- 3 |  4- 6 || total
-------------------------+-------+-------++-------
Melee: Short sword       |   107 |   164 ||   271
       Bite              |     5 |    20 ||    25
       Kick              |       |    52 ||    52
Evoke: Wand              |       |     1 ||     1
  Use: Potion            |       |    10 ||    10
       Scroll            |       |     6 ||     6
 Stab: Sleeping          |     5 |     2 ||     7
       Distracted        |       |     1 ||     1
  Eat: Chunk             |     2 |     7 ||     9
Armor: Leather armour    |    20 |     3 ||    23
       Ring mail         |       |    35 ||    35
Dodge: Dodged            |    82 |   109 ||   191
Block: Buckler           |       |    26 ||    26
